 Dungeon Crawl Stone Soup version bcrawl-1.14 (webtiles) character file.

Game seed: 13229336229094976939

623 MisterOstroum the Sneak (level 7, -3/55 HPs)
             Began as a Vampire Rogue on Sept 6, 2019.
             Was a Follower of Ru.
             Killed by divine providence
             ... invoked by an orc priest
              (13 damage)
             ... on level 5 of the Dungeon.
             The game lasted 00:13:48 (4561 turns).

MisterOstroum the Sneak (Vampire Rogue)             Turns: 4561, Time: 00:13:49

Health: -3/55      AC:  7    Str: 15    XL:     7   Next: 22%
Magic:  0/9        EV: 12    Int: 12    God:    Ru [*.....]
Gold:   209        SH:  0    Dex: 15    Spells: 6/6 levels left

rFire    . . .     SeeInvis +   a - +1 whip (flame)
rCold    + . .     Gourm    .   (no shield)
rNeg     + + .     Faith    .   v - +1 ring mail {rPois}
rPois    ∞         Spirit   +   (no helmet)
rElec    +         Reflect  .   d - +0 cloak
rCorr    .         Harm     .   (no gloves)
MR       .....                  (no boots)
Stlth    +++++.....             g - amulet of guardian spirit
HPRegen  0.09/turn              p - ring of insulation
MPRegen  0.11/turn              y - ring of poison resistance

@: regenerating slowly
A: claws 1, fangs 3, see invisible, unbreathing, hated by all
a: Renounce Religion


You were on level 5 of the Dungeon.
You worshipped Ru.
Ru was aware of your devotion.
You were thirsty.

You visited 2 branches of the dungeon, and saw 6 of its levels.

You collected 209 gold pieces.

Inventory:

Hand Weapons
 a - a +1 whip of flaming (weapon)
 b - a +0 blowgun
 r - a +1 flail of crushing
 s - a +2 dagger
Missiles
 h - 228 poisoned needles
 q - 1487 stones (quivered)
Armour
 c - a +0 robe
 d - a +0 cloak (worn)
 v - a +1 ring mail of poison resistance (worn)
Jewellery
 g - an amulet of guardian spirit (around neck)
 p - a ring of insulation (left claw)
 y - a ring of poison resistance (right claw)
Wands
 f - a wand of flame (3)
Scrolls
 j - 2 scrolls of fear {unknown}
 k - a scroll of teleportation {unknown}
 m - 4 scrolls of remove curse {unknown}
 o - 5 scrolls of identify {@r1}
Potions
 e - 13 potions of blood
 i - a potion of brilliance {unknown}
 l - 4 potions of curing {unknown}
 n - a potion of agility {unknown}
 t - a potion of lignification {unknown}
 u - a potion of degeneration {unknown}
 w - a potion of berserk rage {unknown}
 x - 2 potions of cancellation {unknown}


   Skills:
 + Level 4.6 Fighting
 - Level 3.1 Short Blades
 - Level 2.2 Maces & Flails
 + Level 2.7 Armour
 - Level 3.0 Dodging
 - Level 6.4 Stealth
 - Level 3.1 Evocations


You had 6 spell levels left.
You didn't know any spells.
Your spell library was empty.

Dungeon Overview and Level Annotations

Branches:
Dungeon (5/12)             Temple (1/1) D:4

Altars:
Ashenzari
Dithmenos
Elyvilon
Fedhas
Gozag
Hepliaklqana
Kikubaaqudgha
Lugonu
Nemelex Xobeh
Okawaru
Ru
Sif Muna
Trog
Uskayaw
Vehumet
Wu Jian
Xom
Yredelemnul
Zin
The Shining One

Annotations:
D:3 3 runed translucent doors, Rwicked2's ghost, amateur GrAc; Tutankhamun's ghost, amateur GnWz; flt's ghost, weakling VSAc


Innate Abilities, Weirdness & Mutations

You heal slowly.
You are immune to poison.
You have sharp fingernails.
You have razor-sharp teeth.
You have supernaturally acute eyesight. (SInv)
You can survive without breathing.
You are hated by all.


Message History

You hit the quokka. You burn the quokka.
You kill the quokka!
No target in view!
No target in view!
No target in view!
No target in view!
No target in view!
No target in view!
No target in view!
No target in view!
No target in view!
No target in view!
No target in view!
No target in view!
No target in view!
You see here a falchion.
There is an open door here.
An orc comes into view. It is wielding a +0 hand axe.
The orc shouts!
Found 2 bubbling red potions.
An orc is nearby!
An orc is nearby!
An orc is nearby!
Found a shattered altar of Ashenzari.
You hit the orc. You burn the orc.
You kill the orc!
No target in view!
No target in view!
No target in view!
No target in view!
No target in view!
No target in view!
No target in view!
No target in view!
No target in view!
No target in view!
No target in view!
No target in view!
No target in view!
No target in view!
No target in view!
No target in view!
Things that are here:
a +0 hand axe; an orc corpse You bottle the corpse's blood.
e - 16 potions of blood (gained 1)
You see here a +0 hand axe. x2
Found a hazy altar of Hepliaklqana.
x - 2 bubbling red potions
Found a corrupted altar of Lugonu.
No target in view!
There is an open door here.
One of your 16 potions of blood rots away.
Done exploring.
Done exploring.
Done exploring.
(D) Dungeon (T) Temple
Where to? (Enter - D:4, ? - help)
There is a stone staircase leading down here.
Two of your 15 potions of blood rot away.
You climb downwards.
Found a scroll of identify.
There is a stone staircase leading up here.
o - 5 scrolls of identify {@r1} (gained 1)
There is a stone staircase leading up here.
You are feeling thirsty.
Found 131 sling bullets.
You now have 209 gold pieces (gained 16).
Found a ration.
No target in view!
No target in view!
y - a granite ring
Found 245 bolts.
Put on which piece of jewellery? (? for menu, Esc to quit)
y - a ring of poison resistance (right claw)
An orc and an orc warrior come into view.
There are monsters nearby!
An orc and an ogre come into view.
The orc shouts!
You hear a shout!
The orc warrior shouts!
You hear a shout! x2
An orc comes into view. It is wielding a +0 dagger.
An orc priest comes into view. It is wielding a +0 dagger.
The orc warrior hits you from afar with a +0 glaive!
The orc shouts!
The ogre shouts!
You hit the orc. You burn the orc. You bite the orc.
You kill the orc!
You hear a shout! x2
The orc warrior hits you from afar with a +0 glaive!
An orc comes into view. It is wielding a +0 dagger.
The ogre hits you with a +0 giant club!!
* * * LOW HITPOINT WARNING * * *
Found 179 stones.
Found a stone staircase leading down.
The ogre hits you with a +0 giant club.
* * * LOW HITPOINT WARNING * * *
The orc warrior barely misses you.
An orc comes into view. It is wielding a +0 flail.
The orc barely misses you.
The orc priest mumbles some strange prayers to Beogh against you.
Beogh smites you!
You die...

..#..... .. ........# #
.# ....#..........#..
.##......#..........#
.........#$##......
...#.....%.##.o..#
.....#....#.)o.##
##....#.(.....#.o##.#
..............##@o.#
##...###......o.#..#
..#.## #......(O...o.(#
....####................
..##.................>..
####..#................!
.# ##......#.###.#.#...#
## #.......#.# ########
###.....#.#


You could see an orc warrior, an ogre, an orc priest and 4 orcs.

Vanquished Creatures
  A phantom (D:4)
  A centaur (D:4)
  A crimson imp (D:4)
  2 hounds
  An orc priest (D:3)
  3 orc wizards (D:3)
  An iguana (D:4)
  A worker ant (D:4)
  An adder (D:3)
  3 gnolls
  2 shadow imps (D:4)
  An adder skeleton (D:4)
  3 worms
  5 dart slugs
  A leopard gecko (D:1)
  15 orcs
  3 giant cockroaches
  3 goblins
  9 hobgoblins
  11 jackals
  10 kobolds
  2 quokkas
  3 ball pythons
  4 bats
  4 frilled lizards
  A jackal skeleton (D:4)
  2 rats (D:3)
94 creatures vanquished.

Vanquished Creatures (others)
  A crimson imp (D:4)
  2 fungi (D:2)
  A plant (D:2)
4 creatures vanquished.

Grand Total: 98 creatures vanquished

Notes
Turn   | Place    | Note
-------+----------+-------------------------------------------
     0 | D:1      | MisterOstroum the Vampire Rogue began the quest for the
                  | Orb.
     0 | D:1      | Reached XP level 1. HP: 16/16 MP: 2/2
   195 | D:1      | Reached XP level 2. HP: 18/22 MP: 3/3
  1068 | D:2      | Found a sacrificial altar of Ru.
  1089 | D:2      | Became a worshipper of Ru the Awakened
  1134 | D:2      | Reached XP level 3. HP: 28/28 MP: 4/4
  1357 | D:2      | Found a shattered altar of Ashenzari.
  1361 | D:2      | Saw a vision of the Swamp and the Spider Nest.
  1361 | D:2      | Noticed a redback
  1361 | D:2      | Noticed a wolf spider
  1361 | D:2      | Noticed a scorpion
  1361 | D:2      | Noticed a hornet
  1361 | D:2      | Noticed an alligator
  1361 | D:2      | Noticed a water moccasin
  1362 | D:2      | Noticed a redback
  1364 | D:2      | Noticed a redback
  1365 | D:2      | Noticed a redback
  1365 | D:2      | Noticed a water moccasin
  1365 | D:2      | Noticed a swamp drake
  1821 | D:2      | Reached XP level 4. HP: 36/36 MP: 5/5
  1845 | D:2      | Found a bloodstained altar of Trog.
  2243 | D:3      | Reached skill level 1 in Dodging
  2270 | D:3      | Reached XP level 5. HP: 20/42 MP: 4/6
  2296 | D:3      | Gained mutation: You are hated by all. [Ru sacrifice]
  2296 | D:3      | Reached * piety under Ru
  2771 | D:3      | Reached skill level 1 in Maces & Flails
  2896 | D:3      | Reached XP level 6. HP: 40/48 MP: 7/7
  3069 | D:3      | Found a runed translucent gate.
  3070 | D:3      | Found a runed translucent gate.
  3070 | D:3      | Found a runed translucent gate.
  3070 | D:3      | Noticed Rwicked2's ghost (amateur GrAc)
  3071 | D:3      | Noticed Tutankhamun's ghost (amateur GnWz)
  3071 | D:3      | Noticed flt's ghost (weakling VSAc)
  3258 | D:4      | Found a staircase to the Ecumenical Temple.
  3269 | Temple   | Entered the Ecumenical Temple
  3708 | D:4      | Reached skill level 1 in Armour
  4028 | D:4      | Reached XP level 7. HP: 53/54 MP: 9/9
  4249 | D:4      | Found an ornate altar of the Wu Jian Council.
  4423 | D:4      | Found a shattered altar of Ashenzari.
  4430 | D:4      | Found a hazy altar of Hepliaklqana.
  4434 | D:4      | Found a corrupted altar of Lugonu.
  4510 | D:5      | Entered Level 5 of the Dungeon
  4561 | D:5      | Killed from afar by an orc priest

Skill      XL: |  1  2  3  4  5  6 |
---------------+-------------------+-----
Short Blades   | 3 |  3.1
Fighting       | 2 3 4 |  4.6
Dodging        | 1 3 |  3.0
Maces & Flails | 2 |  2.2
Evocations     | 3 |  3.1
Armour         | 2 |  2.7
Stealth        | |  6.4

Action                   |  1- 3 |  4- 6 |  7- 9 || total
-------------------------+-------+-------+-------++-------
Melee: Dagger            |   103 |    26 |       ||   129
       Bite              |    12 |    14 |     5 ||    31
       Flail             |       |     3 |       ||     3
       Unarmed           |       |     2 |       ||     2
       Whip              |       |   146 |    26 ||   172
 Fire: Blowgun           |     6 |    77 |       ||    83
Throw: Stone             |     2 |     4 |       ||     6
Invok: Sacrifice Love    |       |     1 |       ||     1
 Abil: Bat Form          |       |     1 |       ||     1
       End Transformatio |       |     1 |       ||     1
Evoke: Wand              |    12 |       |       ||    12
  Use: Potion            |    10 |     2 |       ||    12
       Scroll            |       |     1 |       ||     1
 Stab: Sleeping          |    11 |     4 |       ||    15
       Distracted        |       |     2 |       ||     2
  Eat: Corpse            |     1 |       |       ||     1
Armor: Robe              |    20 |    13 |       ||    33
       Ring mail         |       |    33 |     6 ||    39
Dodge: Dodged            |    50 |    85 |    18 ||   153
